 Dungeon Crawl Stone Soup version 0.29-a0-732-g3d7fbe0af2 (webtiles) character file.

Game seed: 8661405020669182761

50 gobodom the Chopper (level 3, -5/40 HPs)
             Began as a Demonspawn Gladiator on June 29, 2022.
             Slain by Crazy Yiuf
             ... wielding a +3 quarterstaff of chaos
              (10 damage)
             ... on level 2 of the Dungeon.
             The game lasted 00:04:23 (2364 turns).

gobodom the Chopper (Demonspawn Gladiator)          Turns: 2364, Time: 00:04:24

Health: -5/40      AC:  4    Str: 16    XL:     3   Next: 55%
Magic:  1/3        EV: 12    Int:  9    God:
Gold:   133        SH:  0    Dex: 14    Spells: 2/2 levels left

rFire   + . .      SeeInvis .   a - +0 war axe
rCold   + . .      Faith    .   (no shield)
rNeg    . . .      Spirit   .   b - +0 leather armour
rPois   +          Reflect  .   c - +0 helmet
rElec   +          Harm     .   (no cloak)
rCorr   +          Rampage  .   (no gloves)
Will    .....                   (no boots)
Stlth   ..........              (no amulet)
HPRegen 0.13/turn               (no ring)
MPRegen 0.08/turn               (no ring)

@: berserking, resistant, very quick
A: powered by death 1
a: no special abilities


You were on level 2 of the Dungeon.
You visited 1 branch of the dungeon, and saw 2 of its levels.

You collected 133 gold pieces.

Inventory:

Hand Weapons
 a - a +0 war axe (weapon)
 i - a +2 short sword of venom
 j - a +1 spear of flaming
Missiles
 d - 3 throwing nets (quivered)
 e - a javelin
Armour
 b - a +0 leather armour (worn)
 c - a +0 helmet (worn)
Magical Staves
 k - a staff of air
Jewellery
 s - a ring of magical power
 v - a ring of fire
Scrolls
 f - 3 scrolls of amnesia {unknown}
 g - 2 scrolls of noise {unknown}
 m - a scroll of enchant armour {unknown}
 n - a scroll of blinking {unknown}
 o - a scroll of vulnerability {unknown}
 p - a scroll of teleportation {unknown}
Potions
 q - 2 potions of degeneration {unknown}
 r - 2 potions of heal wounds {unknown}
 t - a potion of curing
 w - 2 potions of flight


   Skills:
 + Level 2.1 Fighting
 + Level 3.4 Axes
 + Level 2.0 Throwing
 + Level 1.0 Armour
 + Level 3.0 Dodging


You had 2 spell levels left.
You didn't know any spells.
Your spell library was empty.

Dungeon Overview and Level Annotations

Branches:
Dungeon (2/15)

Altars:

Shops:
D:2 !

Annotations:
D:2 Crazy Yiuf


Innate Abilities, Weirdness & Mutations

You regenerate a little health from kills.


Message History

There is a stone staircase leading up here.
Partly explored, can't reach some places.
You hit the fungus.
The fungus begins to die.
The fungus is lightly damaged.
You hit the fungus.
The fungus begins to die.
You hit the fungus.
The fungus is lightly damaged.
You hit the fungus. You hit the fungus but do no damage.
The fungus is lightly damaged.
You hit the fungus.
A nearby fungus withers and dies.
A nearby fungus withers and dies.
Found a hammer.
Found a runed translucent door.
Crazy Yiuf says, "Rifle rumpyflump hand!"
As you read the scroll labelled CEFUBB TOIDY, it crumbles to dust.
It is a scroll of identify.
l - a potion of resistance
As you read the scroll of identify, it crumbles to dust.
t - a potion of curing
As you read the scroll of identify, it crumbles to dust.
u - a potion of berserk rage
As you read the scroll of identify, it crumbles to dust.
w - 2 potions of flight You feel protected.
You open the door. You hit Crazy Yiuf.
Crazy Yiuf is moderately wounded.
Crazy Yiuf whimpers, "Shadow Hive eyeball!"
Crazy Yiuf barely misses you.
You slash Crazy Yiuf!
Crazy Yiuf is severely wounded.
Crazy Yiuf hits you with a +3 quarterstaff of chaos!
Crazy Yiuf burns you.
Crazy Yiuf hits you with a +3 quarterstaff of chaos!
* * * LOW HITPOINT WARNING * * *
You feel your power leaking away.
A red film seems to cover your vision as you go berserk!
You feel yourself moving faster!
You feel mighty!
Crazy Yiuf hits you with a +3 quarterstaff of chaos!
You die...

#..................##........#
#..........<.................#
.................#...........#
.......#.################....#
.......#.# #....# ####.#.#.#
##.### .....#.#.# ### #####.#
.#####.#.# #)..### ##P.#..# .#
#.### #...g@####P#....# .#
#.### #...##..#.P....##
.#####...# ### ###.#...###
..#......# ####### ..#.##...#
..#.##...##### ###.#####....#
#.#####....# ###........>.#


You could see Crazy Yiuf.

Vanquished Creatures
  2 worms (D:2)
  2 dart slugs
  5 bats
  4 endoplasms
  4 giant cockroaches (D:1)
  2 goblins (D:1)
  4 hobgoblins
  3 quokkas
  6 ball pythons
  4 frilled lizards
  A rat (D:2)
37 creatures vanquished.

Vanquished Creatures (others)
  2 fungi (D:2)
2 creatures vanquished.

Grand Total: 39 creatures vanquished

Notes
Turn   | Place    | Note
-------+----------+-------------------------------------------
     0 | D:1      | gobodom the Demonspawn Gladiator began the quest for the
                  | Orb.
     0 | D:1      | Reached XP level 1. HP: 16/16 MP: 1/1
   261 | D:1      | Gained mutation: You regenerate a little health from kills.
                  | [demonic ancestry]
   261 | D:1      | Reached XP level 2. HP: 11/22 MP: 2/2
   588 | D:1      | Found a faded altar of an unknown god.
  1560 | D:2      | Reached XP level 3. HP: 27/27 MP: 3/3
  2098 | D:2      | Found Tuse Fatz's Distillery.
  2146 | D:2      | Reached skill level 1 in Armour
  2352 | D:2      | Found a runed translucent door.
  2353 | D:2      | Noticed Crazy Yiuf
  2364 | D:2      | Slain by Crazy Yiuf

Illustrated notes

Levels and vault maps discovered:
D:1:      wheals_arrival_linesprint, layout_basic, basic_ecumenical_altar
D:2:      layout_basic, serial_shops, shop, dk_vineyard_1,
          uniq_crazy_yiuf_cottage

Skill      XL: |  1  2  3 |
---------------+----------+-----
Axes           | 3 |  3.4
Throwing       | 2 |  2.0
Dodging        | 3 |  3.0
Armour         | 1 |  1.0
Fighting       | |  2.1

Action                   || total
-------------------------++-------
Melee: War axe           ||   111
  Use: Scroll            ||     4
       Potion            ||     2
 Stab: Sleeping          ||     1
Armor: Leather armour    ||    30
Dodge: Dodged            ||    77

Table legend: (Time is in decaauts)
 A = Elapsed time spent in this place.
 B = Non-inter-level travel time spent in this place.
 C = Inter-level travel time spent in this place.
 D = Time resting spent in this place.
 E = Time spent auto-exploring this place.
 F = Levels seen in this place.
 G = Mean time per level.
                   A        B        C        D        E       F      G
               +--------+--------+--------+--------+--------+-----+--------+
         Total |   2402 |   2332 |     70 |      0 |   1897 |   2 | 1201.0 |
       Dungeon |   2402 |   2332 |     70 |      0 |   1897 |   2 | 1201.0 |
               +--------+--------+--------+--------+--------+-----+--------+

Top non-repeatable levels by time:
     D:1: 1556 daAuts
     D:2: 846 daAuts
